 Dungeon Crawl Stone Soup version 0.13.1-26-g838d096 (webtiles) character file.

3880 Nicoed the Fighter (level 9, -9/78 HPs)
             Began as a Minotaur Fighter on Jan 22, 2014.
             Was an Elder of Okawaru.
             Hit by a large rock thrown by a cyclops (11 damage)
             ... on Level 8 of the Dungeon.
             The game lasted 00:22:12 (6838 turns).

Nicoed the Fighter (Minotaur Fighter)               Turns: 6838, Time: 00:22:12

HP  -9/78        AC  9     Str 23 (24) XL: 9   Next: 84%
MP  10/10        EV  8     Int  5      God: Okawaru [****..]
Gold 311         SH 33     Dex 10      Spells:  0 memorised,  8 levels left

Res.Fire  : + + .   See Invis. : .   J - +1,+3 orc falchion (elec)
Res.Cold  : x . .   Warding    : .   e - +0 ring mail {rC+} (curse)
Life Prot.: . . .   Conserve   : .   x - +0 large shield (curse)
Res.Poison: .       Res.Corr.  : .   (helmet restricted)
Res.Elec. : .       Clarity    : .   c - +1 dwarf cloak
Sust.Abil.: . .     Spirit.Shd : .   (no gloves)
Res.Mut.  : .       Stasis     : .   (no boots)
Res.Rott. : .       Flight     : .   (no amulet)
Saprovore : . . .                    g - ring of fire
                                     s - ring of fire

@: slightly resistant to hostile enchantments, extremely unstealthy
A: retaliatory headbutt, horns 2
a: Heroism, Renounce Religion


You were on level 8 of the Dungeon.
You worshipped Okawaru.
Okawaru was greatly pleased with you.
You were not hungry.

You visited 1 branch of the dungeon, and saw 8 of its levels.

You collected 489 gold pieces.
You spent 198 gold pieces at shops.

Inventory:

Hand weapons
 J - a +1,+3 orcish falchion of electrocution (weapon)
Armour
 c - a +1 dwarven cloak (worn)
 e - a cursed +0 ring mail of cold resistance (worn)
 x - a cursed +0 large shield (worn)
Magical devices
 m - a wand of digging (7)
 D - a wand of teleportation (2)
 E - a wand of digging (9)
Comestibles
 d - a meat ration
 z - 6 bread rations
 G - a choko
 H - a lychee
Scrolls
 b - 11 scrolls of remove curse
 f - a scroll of vulnerability {unknown}
 h - 6 scrolls of identify
 i - 4 scrolls of recharging
 n - 2 scrolls of noise
 o - a scroll of fear {unknown}
 r - 2 scrolls of amnesia {unknown}
 t - a scroll of teleportation {unknown}
 u - 4 scrolls of curse armour {unknown}
 w - 2 scrolls of blinking
 y - a scroll of magic mapping {unknown}
 A - a scroll of fog {unknown}
 B - a scroll of immolation {unknown}
 C - a scroll of enchant weapon I {unknown}
 F - 2 scrolls of curse weapon {unknown}
Jewellery
 g - a ring of fire (right hand)
 s - a ring of fire (left hand)
Potions
 a - a potion of flight
 j - 2 potions of heal wounds
 l - 2 potions of curing
 p - 2 potions of beneficial mutation
 v - a potion of coagulated blood
Books
 k - a book of Wizardry

   Spells                             Type                      Level
   Summon Elemental                   Summoning                    4
   Agony                              Necromancy                   5
   Force Lance                        Conjuration                  5
   Fireball                           Conjuration/Fire             5
   Haste                              Charms                       6
   Invisibility                       Hexes                        6
 q - a book of Party Tricks

   Spells                             Type                      Level
   Summon Butterflies                 Summoning                    1
   Apportation                        Translocation                1
   Blink                              Translocation                2
   Alistair's Intoxication            Transmutation/Poison         4
   Tukima's Dance                     Hexes                        5
 I - a book of Wizardry

   Spells                             Type                      Level
   Summon Elemental                   Summoning                    4
   Agony                              Necromancy                   5
   Force Lance                        Conjuration                  5
   Fireball                           Conjuration/Fire             5
   Haste                              Charms                       6
   Invisibility                       Hexes                        6


   Skills:
 + Level 8.1 Fighting
 + Level 7.6 Long Blades
 + Level 7.8 Armour
 + Level 6.2 Dodging
 + Level 7.7 Shields
 + Level 5.0 Invocations


You had 8 spell levels left.
You didn't know any spells.

Dungeon Overview and Level Annotations

Branches:
Dungeon (8/27)             Temple (0/1) D:6             Orc (0/4) D:7
   Lair: D:8-13

Altars:
Fedhas
Okawaru

Shops:
D:7 [+*=?


Innate Abilities, Weirdness & Mutations

You reflexively headbutt those who attack you in melee.
You have a pair of horns on your head.


Message History

The bat zombie hits you but does no damage.
You block the bat zombie's attack.
The bat zombie hits you but does no damage.
You block the slime creature's attack.
You hit the bat zombie. You headbutt the bat zombie.
You destroy the bat zombie!
Okawaru accepts your kill. You block the slime creature's attack.
The slime creature hits you.
* * * LOW HITPOINT WARNING * * *
You slash the slime creature!
The slime creature is moderately wounded.
The cyclops throws a large rock.
You block the large rock. The slime creature hits you!
* * * LOW HITPOINT WARNING * * *
You hit the slime creature but do no damage.
There is a sudden explosion of sparks!
You headbutt the slime creature.
The slime creature is heavily wounded.
The cyclops throws a large rock.
The large rock hits you!
You die...

###.### ##...#)##....#
##.....#. ##....?!%....#
#......#..##... ##C#
###........ #...###..##
###...>....# #.....C...#
...........# ##........#
###.......## ###.###.....#
#####...#### ##.....##....#
....#......## #.@J....##..##
###.........#.#.......#######
#...........#................
#.#..##.....#####......###...
..#..#.......####...#######
.....#.##.#...............##
..##.........................
.###.<....#...............##
.# #......##.####...#####.#


You could see a slime creature and a cyclops.

Vanquished Creatures
  A hungry ghost (D:8)
  A sky beast (D:5)
  2 phantoms (D:5)
  3 orc warriors (D:7)
  A yellow wasp (D:8)
  4 ogres
  5 giant goldfish (D:7)
  A centaur (D:5)
  Sigmund (D:2)
  A giant frog (D:8)
  A wyvern zombie (D:7)
  A jellyfish (D:7)
  An electric eel (D:7)
  6 crimson imps
  A goliath beetle (D:7)
  2 jellies
  4 big fish (D:7)
  2 giant frog zombies
  4 orc priests
  2 hounds
  A giant frog skeleton (D:4)
  10 worker ants
  A basilisk skeleton (D:8)
  A quasit (D:5)
  2 scorpions
  7 orc wizards
  2 iguanas
  Terence (D:2)
  2 mummies (D:7)
  6 adders
  2 giant mites
  2 worms
  2 oozes
  41 orcs
  16 bats
  A bat zombie (D:8)
  4 giant cockroaches
  13 goblins
  11 hobgoblins
  2 jackals (D:2)
  12 kobolds
  A quokka (D:4)
  A ball python (D:1)
  3 giant geckos
  2 giant newts
  A giant spore (D:7)
  A kobold zombie (D:5)
  10 rats
  5 ballistomycetes (D:7)
207 creatures vanquished.

Notes
Turn   | Place    | Note
--------------------------------------------------------------
     0 | D:1      | Nicoed, the Minotaur Fighter, began the quest for the Orb.
     0 | D:1      | Reached XP level 1. HP: 19/19 MP: 0/0
   309 | D:1      | Reached XP level 2. HP: 24/26 MP: 0/0
   656 | D:2      | Reached skill level 1 in Dodging
   684 | D:2      | Noticed Terence
   691 | D:2      | Reached XP level 3. HP: 30/33 MP: 1/1
   696 | D:2      | Killed Terence
   757 | D:2      | Reached skill level 4 in Fighting
   851 | D:2      | Found an iron altar of Okawaru.
   885 | D:2      | Became a worshipper of Warmaster Okawaru
  1124 | D:2      | Reached XP level 4. HP: 40/40 MP: 1/1
  1143 | D:2      | Found a blossoming altar of Fedhas.
  1316 | D:2      | Noticed Sigmund
  1363 | D:2      | Killed Sigmund
  1363 | D:2      | Reached XP level 5. HP: 21/46 MP: 1/1
  2568 | D:4      | Acquired Okawaru's first power
  2581 | D:4      | Reached XP level 6. HP: 41/53 MP: 2/2
  2672 | D:4      | Reached skill level 5 in Fighting
  2795 | D:4      | Reached skill level 5 in Armour
  2795 | D:4      | Reached skill level 1 in Invocations
  2999 | D:5      | Entered Level 5 of the Dungeon
  3090 | D:5      | Reached skill level 5 in Shields
  3158 | D:5      | Reached XP level 7. HP: 58/60 MP: 4/4
  3219 | D:5      | Reached skill level 5 in Long Blades
  3525 | D:5      | Reached XP level 8. HP: 57/68 MP: 4/5
  3648 | D:5      | Reached skill level 6 in Fighting
  3917 | D:6      | Got a dazzling flail
  3918 | D:6      | Identified the flail of the Sun {flame, rPois Str-2} (You found it on level 6 of the Dungeon)
  4319 | D:6      | Found a staircase to the Ecumenical Temple.
  4508 | D:7      | Found Imuat's Book Emporium.
  4537 | D:7      | Found Riecou Tedd's Magic Scroll Shop.
  4636 | D:7      | Found Vesylug's Antique Armour Shop.
  4716 | D:7      | Bought a scroll of remove curse for 36 gold pieces
  4716 | D:7      | Bought a scroll of blinking for 66 gold pieces
  4716 | D:7      | Bought a scroll of identify for 24 gold pieces
  4716 | D:7      | Bought a scroll of remove curse for 36 gold pieces
  4716 | D:7      | Bought a scroll of remove curse for 36 gold pieces
  4802 | D:7      | Reached skill level 5 in Dodging
  5048 | D:7      | Reached skill level 7 in Fighting
  5072 | D:7      | Reached XP level 9. HP: 12/75 MP: 8/8
  5850 | D:7      | Found a staircase to the Orcish Mines.
  6319 | D:7      | Found Kalukkis' Jewellery Shop.
  6386 | D:7      | Found Bler's Assorted Antiques.
  6610 | D:8      | Reached skill level 8 in Fighting
  6807 | D:8      | Paralysed by a yellow wasp for 2 turns
  6815 | D:8      | Reached skill level 5 in Invocations
  6826 | D:8      | Noticed a cyclops
  6837 | D:8      | HP: 2/78 [slime creature (16)]
  6838 | D:8      | Hit by a large rock thrown by a cyclops

Action                   |  1- 3 |  4- 6 |  7- 9 || total
-------------------------+-------+-------+-------++-------
Melee: Falchion          |    36 |       |    22 ||    58
       Long sword        |    42 |   156 |   486 ||   684
Invok: Heroism           |       |       |     2 ||     2
Evoke: Wand              |       |     1 |     3 ||     4
  Use: Scroll            |       |     4 |     3 ||     7
       Potion            |       |       |     3 ||     3
